 Dungeon Crawl Stone Soup version 0.28-a0-479-g5baa6b73be (webtiles) character file.

Game seed: 15432901183375078843

275 lagrange the Insei (level 6, -2/38 HPs)
             Began as an Octopode Transmuter on Sept 17, 2021.
             Splashed by a jelly's acid (8 damage)
             ... on level 4 of the Dungeon.
             The game lasted 00:05:57 (4012 turns).

lagrange the Insei (Octopode Transmuter)            Turns: 4012, Time: 00:05:57

Health: -2/38      AC: -7    Str: 11    XL:     6   Next: 25%
Magic:  8/9        EV: 13    Int: 16    God:
Gold:   80         SH:  0    Dex: 12    Spells: 3/9 levels left

rFire   . . .      SeeInvis .     - Unarmed
rCold   . . .      Faith    .   (no shield)
rNeg    . . .      Spirit   .   (helmet currently unavailable)
rPois   .          Reflect  .   j - amulet of the acrobat
rElec   .          Harm     .   (no ring)
rCorr   .          Rampage  .   (no ring)
Will    .....                   (no ring)
Stlth   +++.......              (no ring)
HPRegen 0.12/turn               (no ring)
MPRegen 0.11/turn               (no ring)
                                (no ring)
                                (no ring)

@: appendages, corroded
A: tentacle spike 3, almost no armour, amphibious, 8 rings, camouflage 1,
gelatinous body 1, (nimble swimmer 1), tentacles
a: End Transformation


You were on level 4 of the Dungeon.
One of your tentacles had grown a beastly spike.
You visited 1 branch of the dungeon, and saw 4 of its levels.

You collected 80 gold pieces.

Inventory:

Hand Weapons
 c - a +2 dagger of holy wrath
Missiles
 g - 8 curare-tipped darts
Jewellery
 j - an amulet of the acrobat (around mantle)
 p - a ring of flight
Wands
 i - a wand of polymorph (5)
Scrolls
 a - a scroll of immolation
 b - a scroll of vulnerability {unknown}
 d - a scroll of blinking {unknown}
 f - a scroll of identify
 h - 2 scrolls of fog
 l - a scroll of teleportation {unknown}
Potions
 e - a potion of mutation
 k - a potion of degeneration {unknown}
 m - a potion of lignification {unknown}
 n - 2 potions of brilliance {unknown}
 o - a potion of curing {unknown}
 q - a potion of berserk rage {unknown}


   Skills:
 + Level 1.2 Fighting
 + Level 2.6 Dodging
 + Level 3.1 Stealth
 + Level 4.9 Unarmed Combat
 + Level 2.4 Spellcasting
 + Level 2.4 Transmutations
 * Level 2.6 Poison Magic


You had 3 spell levels left.
You knew the following spells:

 Your Spells              Type           Power      Damage    Failure   Level
a - Beastly Appendage     Tmut           18%        N/A       7%          1
b - Wereblood             Tmut           9%         N/A       11%         2
c - Spider Form           Tmut/Pois      5%         N/A       21%         3

Your spell library contained the following spells:

 Spells                   Type           Power      Damage    Failure   Level
 Ice Form                 Ice/Tmut       5%         N/A       75%         4
 Fireball                 Conj/Fire      0%         3d3       99%         5
 Iskenderun's Battlesphe  Conj           1%         2d6       99%         5
 Conjure Ball Lightning   Conj/Air       0%         3x3d6     100%        6
 Orb of Destruction       Conj           0%         N/A       100%        7


Dungeon Overview and Level Annotations

Branches:
Dungeon (4/15)
 Temple: D:4-7

Altars:
Elyvilon
Yredelemnul


Innate Abilities, Weirdness & Mutations

One of your tentacles has grown a beastly spike.
You cannot wear most types of armour.
You are amphibious.
You can wear up to eight rings at the same time.
Your skin changes colour to match your surroundings (Stealth+).
Your rubbery body absorbs attacks. (AC +1, EV +1)
((You are camouflaged near water. (Stealth+)))
You have tentacles for arms and can constrict up to eight enemies at once.


Message History

h - 2 scrolls of fog (gained 1)
The giant cockroach completely misses you.
The giant cockroach bites you.
You tentacle-slap the giant cockroach. Your grab misses the giant cockroach.
You tentacle-slap the giant cockroach.
The giant cockroach is heavily wounded.
The giant cockroach barely misses you.
You tentacle-slap the giant cockroach. You grab the giant cockroach.
The giant cockroach is severely wounded.
You constrict the giant cockroach, but do no damage.
The giant cockroach barely misses you.
You bludgeon the giant cockroach!
You kill the giant cockroach!
A jelly comes into view.
You see here 16 gold pieces.
You now have 80 gold pieces (gained 16).
The jelly quivers.
Casting: Beastly Appendage (safe; 7% risk of failure)
Confirm with . or Enter, or press ? or * to list all spells.
One of your tentacles grows a vicious spike.
The jelly closely misses you.
You tentacle-slap the jelly. The acid corrodes you!
Your tentacles burn!
You tentacle-slap the jelly, but do no damage.
The jelly is lightly wounded.
The jelly hits you.
You are splashed with acid.
You tentacle-slap the jelly. The acid corrodes you!
Your tentacles burn!
You pierce the jelly.
The jelly is heavily wounded.
The jelly hits you. The acid corrodes you!
You are splashed with acid!
* * * LOW HITPOINT WARNING * * *
You tentacle-slap the jelly but do no damage.
The acid corrodes you!
Your tentacles burn!
* * * LOW HITPOINT WARNING * * *
You tentacle-slap the jelly, but do no damage.
You squeeze the jelly, but do no damage.
The jelly is heavily wounded.
The jelly hits you.
* * * LOW HITPOINT WARNING * * *
You are splashed with acid!
You die...

#.......# #.......#
#.......... #......)#
#.......... #.......#
#.......... #.....<.#
#........
........######.......
#.......#...#......#
#.......'...#...J..#
#.......#...#...@..#
#.......#...#......#
#.......#...#......#
........#...#......#
........#...#......#
#.......#...#......#
#.......#...#......#
#.......'...#......#
#.......#...#......+


You could see a jelly.

Vanquished Creatures
  A water moccasin (D:3)
  Crazy Yiuf (D:3)
  A hound (D:3)
  An adder (D:2)
  2 worms
  7 dart slugs
  2 orcs (D:3)
  6 endoplasms
  2 giant cockroaches
  13 goblins
  9 hobgoblins
  2 jackals (D:1)
  4 quokkas
  A ball python (D:1)
  7 bats
  4 frilled lizards (D:1)
  7 kobolds (D:1)
  3 rats
73 creatures vanquished.

Vanquished Creatures (others)
  16 plants (D:1)
16 creatures vanquished.

Grand Total: 89 creatures vanquished

Notes
Turn   | Place    | Note
-------+----------+-------------------------------------------
     0 | D:1      | lagrange the Octopode Transmuter began the quest for the
                  | Orb.
     0 | D:1      | Reached XP level 1. HP: 13/13 MP: 3/3
   304 | D:1      | Reached XP level 2. HP: 14/18 MP: 5/5
   457 | D:1      | Learned a level 2 spell: Wereblood
   491 | D:1      | You fall into a shaft and drop 1 floor!
   920 | D:1      | Reached XP level 3. HP: 23/23 MP: 6/6
  1231 | D:1      | Found a faded altar of an unknown god.
  1997 | D:2      | Learned a level 3 spell: Spider Form
  2005 | D:2      | Reached skill level 4 in Unarmed Combat
  2060 | D:2      | Reached XP level 4. HP: 28/28 MP: 5/7
  2097 | D:2      | Reached skill level 1 in Poison Magic
  2198 | D:2      | Reached skill level 1 in Stealth
  2745 | D:3      | Found a white marble altar of Elyvilon.
  2874 | D:3      | Noticed a water moccasin
  2880 | D:3      | Killed a water moccasin
  2881 | D:3      | Reached XP level 5. HP: 22/33 MP: 8/8
  3290 | D:3      | Found a runed translucent door.
  3291 | D:3      | Noticed Crazy Yiuf
  3298 | D:3      | Killed Crazy Yiuf
  3556 | D:3      | Reached XP level 6. HP: 32/38 MP: 9/9
  3609 | D:3      | Found a basalt altar of Yredelemnul.
  4012 | D:4      | Splashed by a jelly's acid

Illustrated notes

Levels and vault maps discovered:
D:1:      dpeg_arrival_rooms_a, layout_loops_ring, basic_ecumenical_altar,
          lexackson_kobold_supper
D:2:      layout_basic
D:3:      layout_basic, mainiacjoe_overflow_cross_hatched, elyvilon_altar_4,
          minmay_joined_circles, uniq_crazy_yiuf_cottage
D:4:      layout_gridville, ashenzari_conservatory_becter, uniq_blork_the_orc

Skill      XL: |  1  2  3  4  5  6 |
---------------+-------------------+-----
Unarmed Combat | 4 |  4.9
Poison Magic   | 2 |  2.6
Stealth        | 2 3 |  3.1
Fighting       | |  1.2
Dodging        | |  2.6
Spellcasting   | |  2.4
Transmutations | |  2.4

Action                   |  1- 3 |  4- 6 || total
-------------------------+-------+-------++-------
Melee: Unarmed           |   113 |    70 ||   183
       Constrict         |    20 |    22 ||    42
       Tentacles         |    16 |    18 ||    34
       Kick              |    14 |     8 ||    22
       Punch             |     2 |     6 ||     8
 Cast: Beastly Appendage |     6 |     5 ||    11
  Use: Scroll            |       |     4 ||     4
 Stab: Sleeping          |     5 |     6 ||    11
       Distracted        |       |     1 ||     1
Armor: Skin              |    10 |     4 ||    14
Dodge: Dodged            |    40 |    35 ||    75

Table legend: (Time is in decaauts)
 A = Elapsed time spent in this place.
 B = Non-inter-level travel time spent in this place.
 C = Inter-level travel time spent in this place.
 D = Time resting spent in this place.
 E = Time spent auto-exploring this place.
 F = Levels seen in this place.
 G = Mean time per level.
                   A        B        C        D        E       F      G
               +--------+--------+--------+--------+--------+-----+--------+
         Total |   3998 |   3948 |     50 |   1540 |   1777 |   4 |  999.5 |
       Dungeon |   3998 |   3948 |     50 |   1540 |   1777 |   4 |  999.5 |
               +--------+--------+--------+--------+--------+-----+--------+

Top non-repeatable levels by time:
     D:1: 1929 daAuts
     D:3: 1232 daAuts
     D:2: 779 daAuts
     D:4: 56 daAuts
